 Dungeon Crawl Stone Soup version 0.20.1-1-g8b1a95d (webtiles) character file.

250 Lorindel the Ducker (level 5, -6/22 HPs)
             Began as a Felid Conjurer on July 20, 2017.
             Mangled by Grinder (10 damage)
             ... on level 3 of the Dungeon.
             The game lasted 00:25:40 (3620 turns).

Lorindel the Ducker (Felid Conjurer)                Turns: 3620, Time: 00:25:41

Health: -6/22      AC:  1    Str:  4    XL:     5   Next: 88%
Magic:  2/11       EV: 19    Int: 18    God:
Gold:   127        SH:  0    Dex: 16    Spells: 1/11 levels left
                                        Lives:  0   Deaths: 1

rFire    . . .     SeeInvis +     - Unarmed
rCold    . . .     Gourm    .   (shield unavailable)
rNeg     . . .     Faith    .   (armour unavailable)
rPois    +         Spirit   .   (helmet unavailable)
rElec    .         Reflect  .   (cloak unavailable)
rCorr    .         Harm     +   (gloves unavailable)
MR       +....                  (boots unavailable)
Stlth    +++.......             d - amulet of harm
Regen    0.1/turn               m - ring of protection from magic
MPRegen  0.2/turn               n - ring of poison resistance

@: quick
A: no armour, no weapons or thrown items, stealth, claws 1, fangs 3, see
invisible, carnivore 3, speed 1, shaggy fur 1, slow metabolism 1, sharp paws
a: no special abilities


You were on level 3 of the Dungeon.
You were completely stuffed.

You visited 1 branch of the dungeon, and saw 3 of its levels.

You collected 127 gold pieces.

Inventory:

Missiles
 o - 52 arrows
Jewellery
 d - an amulet of harm (around neck)
 m - a ring of protection from magic (left paw)
 n - a ring of poison resistance (right paw)
Scrolls
 e - a scroll of fear
 i - a scroll of teleportation
 k - 2 scrolls of fog
Potions
 h - a potion of flight
 j - a potion of might
 l - a potion of curing {unknown}
 p - a potion of agility {unknown}
Books
 a - a book of Conjurations

   Spells                             Type                      Level
   a - Magic Dart                     Conjuration                  1
   b - Searing Ray                    Conjuration                  2
   c - Dazzling Spray                 Conjuration/Hexes            3
   d - Fulminant Prism                Conjuration/Hexes            4
   e - Force Lance                    Conjuration/Translocation    4
   f - Iskenderun's Mystic Blast      Conjuration                  4
Comestibles
 b - 2 meat rations
 c - 5 chunks of flesh
 f - a royal jelly


   Skills:
 + Level 1.7 Fighting
 + Level 4.2 Dodging
 + Level 3.9 Stealth
 + Level 1.6 Unarmed Combat
 * Level 3.5 Spellcasting
 + Level 4.1 Conjurations
 + Level 2.6 Hexes
 + Level 0.0 Translocations


You had one spell level left.
You knew the following spells:

 Your Spells              Type           Power        Failure   Level  Hunger
a - Magic Dart            Conj           ###.         2%          1    None
b - Searing Ray           Conj           ###...       4%          2    ##.....
c - Dazzling Spray        Conj/Hex       ###...       12%         3    ###....
d - Force Lance           Conj/Tloc      ##......     54%         4    ####...


Dungeon Overview and Level Annotations

Branches:
Dungeon (3/15)

Altars:

Annotations:
D:3 Grinder


Innate Abilities, Weirdness & Mutations

You cannot wear armour.
You are incapable of wielding weapons or throwing items.
Your paws allow you to move quietly. (Stealth)
You have sharp claws.
You have razor-sharp teeth.
You have supernaturally acute eyesight. (SInv)
You are carnivorous and can eat meat at any time.
You cover ground quickly.
You are covered in fur. (AC +1)
You have a slow metabolism.
Your sharp claws are effective at attacking unaware monsters.


Message History

Grinder is moderately wounded.
Grinder is dazzled.
You see here a club.
Casting: Dazzling Spray
Confirm with . or Enter, or press ? or * to list all spells.
Aiming: Dazzling Spray
Press: ? - help, Shift-Dir - straight line, f/p - Grinder
Aim: Grinder (lightly wounded, blind, hasn't noticed you)
The spray of energy hits Grinder.
Grinder is moderately wounded.
Grinder is dazzled.
Grinder says, "You look like you could use a good racking."
Casting: Dazzling Spray
Confirm with . or Enter, or press ? or * to list all spells.
Aiming: Dazzling Spray
Press: ? - help, Shift-Dir - straight line, f/p - Grinder
Aim: Grinder (moderately wounded, blind)
The spray of energy misses Grinder.
Grinder misses you. Grinder hits you!
You die...

..#.# #.# #)# #)...##.......#
..#(# #.# #.###....##.......#
..#.# #.####).......##.......#
..#.# #........(....##....5..#
#.#.#########.......#####.####
#.#.................# #....#
#.###########..).#### #....#
..# ####.# #....## ..#
#######@## #.....# ..#
#...).5..# ##....# ###
#........# #<...# #
#..).....#######)..#### #
#........#......).....# #
#..%.....#............#
#.....................#
####...############......#
#....### #......#


You could see Grinder (blind).

Vanquished Creatures
  Sigmund (D:3)
  3 gnolls (D:3)
  4 adders
  2 oozes (D:3)
  3 worms
  A leopard gecko (D:1)
  5 orcs (D:3)
  4 bats
  4 giant cockroaches
  8 goblins
  11 hobgoblins
  5 kobolds
  2 quokkas
  2 ball pythons (D:2)
  5 frilled lizards
  7 rats
67 creatures vanquished.

Notes
Turn   | Place    | Note
-------+----------+-------------------------------------------
     0 | D:1      | Lorindel the Felid Conjurer began the quest for the Orb.
     0 | D:1      | Reached XP level 1. HP: 7/7 MP: 4/4
   372 | D:1      | Reached XP level 2. HP: 11/11 MP: 1/6
   392 | D:1      | Learned a level 2 spell: Searing Ray
  1335 | D:2      | Reached XP level 3. HP: 15/15 MP: 2/7
  1778 | D:2      | Learned a level 3 spell: Dazzling Spray
  1920 | D:2      | Reached XP level 4. HP: 18/18 MP: 3/9
  2266 | D:3      | Reached skill level 1 in Fighting
  2416 | D:3      | Reached skill level 1 in Hexes
  2763 | D:3      | Noticed Sigmund
  2882 | D:3      | Slain by Sigmund
  2883 | D:3      | Reached XP level 3. HP: -4/22 MP: 1/8
  2927 | D:3      | Killed Sigmund
  2927 | D:3      | Reached skill level 1 in Unarmed Combat
  2927 | D:3      | Reached XP level 4. HP: 6/19 MP: 5/10
  2927 | D:3      | Reached XP level 5. HP: 7/22 MP: 5/11
  3563 | D:3      | Noticed Grinder
  3569 | D:3      | HP: 1/22 [Grinder (8)]
  3609 | D:3      | Learned a level 4 spell: Force Lance
  3620 | D:3      | Mangled by Grinder

Skill      XL: |  1  2  3  4 |
---------------+-------------+-----
Dodging        | 3 4 |  4.2
Stealth        | 3 |  3.9
Fighting       | 1 |  1.7
Hexes          | 2 1 |  2.6
Unarmed Combat | 1 |  1.6
Spellcasting   | 3 |  3.5
Conjurations   | 4 |  4.1

Action                   |  1- 3 |  4- 6 || total
-------------------------+-------+-------++-------
Melee: Unarmed           |    86 |    59 ||   145
       Bite              |     6 |     6 ||    12
 Cast: Magic Dart        |    50 |    37 ||    87
       Searing Ray       |     8 |     8 ||    16
       Dazzling Spray    |       |    13 ||    13
  Use: Scroll            |     7 |     4 ||    11
       Potion            |       |     5 ||     5
 Stab: Sleeping          |     2 |     1 ||     3
       Invisible         |       |     2 ||     2
  Eat: Chunk             |    16 |     4 ||    20
Armor: Skin              |     5 |     2 ||     7
Dodge: Dodged            |    94 |    64 ||   158
